 Dungeon Crawl Stone Soup version 0.27-a0-1302-g7736ffe575 (webtiles) character file.

Game seed: 11838235850635483635

88 Gargoyl the Skirmisher (level 4, 0/41 HPs)
             Began as a Gnoll Abyssal Knight on June 18, 2021.
             Was a Believer of Lugonu.
             Slain by a gnoll (5 damage)
             ... on level 2 of the Dungeon.
             The game lasted 00:02:53 (2528 turns).

Gargoyl the Skirmisher (Gnoll Abyssal Knight)       Turns: 2528, Time: 00:02:54

Health: 0/41       AC:  3    Str: 12    XL:     4   Next: 53%
Magic:  7/7        EV: 16    Int: 11    God:    Lugonu [**....]
Gold:   60         SH:  0    Dex: 12    Spells: 5/5 levels left

rFire    . . .     SeeInvis +   a - +1 hand axe
rCold    . . .     Faith    .   (no shield)
rNeg     . . .     Spirit   .   b - +0 leather armour
rPois    .         Reflect  .   (no helmet)
rElec    .         Harm     .   (no cloak)
rCorr    .         Rampage  .   (no gloves)
Will     .....                  (no boots)
Stlth    +.........             (no amulet)
HPRegen  0.13/turn              c - +4 ring of evasion
MPRegen  0.10/turn              g - ring of see invisible

@: no status effects
A: fangs 1, strong nose, distributed training
a: Renounce Religion, Depart the Abyss, Bend Space


You were on level 2 of the Dungeon.
You worshipped Lugonu.
Lugonu was pleased with you.
You visited 1 branch of the dungeon, and saw 3 of its levels.
You visited the Abyss 1 time.

You collected 60 gold pieces.

Inventory:

Hand Weapons
 a - a +1 hand axe (weapon)
Armour
 b - a +0 leather armour (worn)
Jewellery
 c - a +4 ring of evasion (left hand)
 g - a ring of see invisible (right hand)
Scrolls
 d - a scroll of teleportation
 h - 2 scrolls of identify
Potions
 e - a potion of degeneration {unknown}
 f - a potion of flight


   Skills:
 + Level 6.6 Fighting
 + Level 1.2 Short Blades
 + Level 1.2 Long Blades
 + Level 4.6 Axes
 + Level 1.2 Maces & Flails
 + Level 1.2 Polearms
 + Level 1.2 Staves
 + Level 1.2 Slings
 + Level 1.2 Bows
 + Level 1.2 Crossbows
 + Level 1.2 Throwing
 + Level 4.6 Armour
 + Level 2.8 Dodging
 + Level 1.2 Stealth
 + Level 1.2 Shields
 + Level 1.2 Unarmed Combat
 + Level 1.2 Spellcasting
 + Level 1.0 Conjurations
 + Level 1.0 Hexes
 + Level 1.0 Summonings
 + Level 1.0 Necromancy
 + Level 1.0 Translocations
 + Level 1.0 Transmutations
 + Level 1.0 Fire Magic
 + Level 1.0 Ice Magic
 + Level 1.0 Air Magic
 + Level 1.0 Earth Magic
 + Level 1.0 Poison Magic
 + Level 4.7 Invocations
 + Level 1.2 Evocations


You had 5 spell levels left.
You didn't know any spells.
Your spell library contained the following spells:

 Spells                   Type           Power      Damage    Failure   Level
 Corona                   Hex            2%         N/A       26%         1
 Ensorcelled Hibernation  Hex/Ice        4%         N/A       38%         2
 Confusing Touch          Hex            2%         N/A       63%         3
 Dazzling Flash           Conj/Hex       4%         N/A       63%         3
 Tukima's Dance           Hex            2%         N/A       63%         3


Dungeon Overview and Level Annotations

Branches:
Dungeon (3/15)

Altars:


Innate Abilities, Weirdness & Mutations

You have very sharp teeth.
Your uncanny sense of smell can sniff out nearby items.
Your experience applies equally to all skills.


Message History

You start resting.
HP restored.
You climb downwards.
The gnoll hits you with a +2 whip of distortion.
Space bends around you. The gnoll barely misses you.
There is a stone staircase leading up here.
Unknown command.
The gnoll closely misses you. The gnoll barely misses you.
You climb upwards.
There is a stone staircase leading down, spattered with blood here.
You hit the gnoll but do no damage. You barely miss the gnoll.
The gnoll misses you. The gnoll closely misses you.
Unknown command.
You barely miss the gnoll. You hit the gnoll. The gnoll closely misses you.
The gnoll barely misses you.
Unknown command.
You barely miss the gnoll. You hit the gnoll. The gnoll closely misses you.
The gnoll misses you.
You hit the gnoll.
The gnoll is moderately wounded.
You hit the gnoll but do no damage. The gnoll completely misses you.
The gnoll hits you with a +0 whip of electrocution.
You are electrocuted!!
* * * LOW HITPOINT WARNING * * *
Unknown command.
You barely miss the gnoll. You bite the gnoll, but do no damage.
The gnoll is moderately wounded.
You hit the gnoll but do no damage. The gnoll barely misses you.
The gnoll hits you with a +0 whip of electrocution.
* * * LOW HITPOINT WARNING * * *
You barely miss the gnoll.
The gnoll is moderately wounded.
You hit the gnoll. The gnoll misses you. The gnoll barely misses you.
You slash the gnoll!
The gnoll is almost dead.
You hit the gnoll.
You kill the gnoll!
Lugonu accepts your kill.
The gnoll hits you with a +2 whip of distortion.
You die...

#............# #...##.......
#..........#+# #...##.####..
#####.........##.## #...##.# #..
.............##...###...##.# #..
......####..##.....##...##.# ##..
......# #......8.......##.# #...
(.....# #..###...###......# #...
......# #....#..)##.......###...
......# #....#g@.##.........#...
......####....#.).##.........#...
......##....###...###........#...
......##........8............#...
########....##.....####......#...
#.....##...## ##.........
#.....###.## #......... #.....#
#'# ##.....##. #.....###.#
#.....##.


You could see a gnoll.

Vanquished Creatures
  2 gnolls (D:2)
  2 adders
  3 dart slugs
  2 endoplasms
  2 giant cockroaches
  7 goblins
  8 hobgoblins
  4 kobolds
  A quokka (D:2)
  7 ball pythons
  3 bats
  3 frilled lizards
  7 rats
51 creatures vanquished.

Notes
Turn   | Place    | Note
-------+----------+-------------------------------------------
     0 | Abyss:1  | Gargoyl the Gnoll Abyssal Knight began the quest for the
                  | Orb.
     0 | Abyss:1  | Reached XP level 1. HP: 23/23 MP: 3/3
   115 | Abyss:1  | Noticed a water elemental
   115 | D:1      | Escaped the Abyss
   427 | D:1      | Found a faded altar of an unknown god.
   452 | D:1      | Reached XP level 2. HP: 27/29 MP: 5/5
   482 | D:1      | Reached * piety under Lugonu
   966 | D:1      | Reached XP level 3. HP: 29/35 MP: 6/6
  1703 | D:2      | Reached skill level 1 in Short Blades
  1703 | D:2      | Reached skill level 1 in Long Blades
  1703 | D:2      | Reached skill level 1 in Maces & Flails
  1703 | D:2      | Reached skill level 1 in Polearms
  1703 | D:2      | Reached skill level 1 in Staves
  1703 | D:2      | Reached skill level 1 in Slings
  1703 | D:2      | Reached skill level 1 in Bows
  1703 | D:2      | Reached skill level 1 in Crossbows
  1703 | D:2      | Reached skill level 1 in Throwing
  1703 | D:2      | Reached skill level 1 in Stealth
  1703 | D:2      | Reached skill level 1 in Shields
  1703 | D:2      | Reached skill level 1 in Unarmed Combat
  1703 | D:2      | Reached skill level 1 in Spellcasting
  1703 | D:2      | Reached skill level 1 in Evocations
  1806 | D:2      | Reached XP level 4. HP: 41/41 MP: 7/7
  2287 | D:3      | Reached ** piety under Lugonu
  2422 | D:2      | Reached skill level 1 in Conjurations
  2422 | D:2      | Reached skill level 1 in Hexes
  2422 | D:2      | Reached skill level 1 in Summonings
  2422 | D:2      | Reached skill level 1 in Necromancy
  2422 | D:2      | Reached skill level 1 in Translocations
  2422 | D:2      | Reached skill level 1 in Transmutations
  2422 | D:2      | Reached skill level 1 in Fire Magic
  2422 | D:2      | Reached skill level 1 in Ice Magic
  2422 | D:2      | Reached skill level 1 in Air Magic
  2422 | D:2      | Reached skill level 1 in Earth Magic
  2422 | D:2      | Reached skill level 1 in Poison Magic
  2528 | D:2      | Slain by a gnoll

Illustrated notes

Levels and vault maps discovered:
D:1:      kennysheep_arrival_seaside, layout_loops_ring,
          ebering_ecumenical_altar_ruins
D:2:      layout_basic, grunt_ministairs_15
D:3:      layout_loops_cross, grunt_temple_overflow_champion_of_chaos,
          serial_shops, nicolae_shop_trees, shop, amethyst_killhole,
          kennysheep_generic_room_7

Skill      XL: |  1  2  3  4 |
---------------+-------------+-----
Short Blades   | 1 |  1.2
Long Blades    | 1 |  1.2
Maces & Flails | 1 |  1.2
Polearms       | 1 |  1.2
Staves         | 1 |  1.2
Slings         | 1 |  1.2
Bows           | 1 |  1.2
Crossbows      | 1 |  1.2
Throwing       | 1 |  1.2
Stealth        | 1 |  1.2
Shields        | 1 |  1.2
Unarmed Combat | 1 |  1.2
Spellcasting   | 1 |  1.2
Evocations     | 1 |  1.2
Conjurations   | 1 |  1.0
Hexes          | 1 |  1.0
Summonings     | 1 |  1.0
Necromancy     | 1 |  1.0
Translocations | 1 |  1.0
Transmutations | 1 |  1.0
Fire Magic     | 1 |  1.0
Ice Magic      | 1 |  1.0
Air Magic      | 1 |  1.0
Earth Magic    | 1 |  1.0
Poison Magic   | 1 |  1.0
Fighting       | |  6.6
Axes           | |  4.6
Armour         | |  4.6
Dodging        | |  2.8
Invocations    | |  4.7

Action                   |  1- 3 |  4- 6 || total
-------------------------+-------+-------++-------
Melee: Hand axe          |   100 |    37 ||   137
       Bite              |    10 |     3 ||    13
Invok: Depart the Abyss  |     1 |       ||     1
  Use: Scroll            |     5 |       ||     5
 Stab: Sleeping          |     1 |       ||     1
Armor: Leather armour    |    15 |    11 ||    26
Dodge: Dodged            |    73 |    53 ||   126

Table legend: (Time is in decaauts)
 A = Elapsed time spent in this place.
 B = Non-inter-level travel time spent in this place.
 C = Inter-level travel time spent in this place.
 D = Time resting spent in this place.
 E = Time spent auto-exploring this place.
 F = Levels seen in this place.
 G = Mean time per level.
                   A        B        C        D        E       F      G
               +--------+--------+--------+--------+--------+-----+--------+
         Total |   2542 |   2457 |     85 |    201 |   1844 |   4 |  635.5 |
       Dungeon |   2427 |   2342 |     85 |    201 |   1730 |   3 |  809.0 |
         Abyss |    115 |    115 |      0 |      0 |    114 |   1 |  115.0 |
               +--------+--------+--------+--------+--------+-----+--------+

Top non-repeatable levels by time:
     D:1: 1212 daAuts
     D:2: 1178 daAuts
 Abyss:1: 115 daAuts
     D:3: 36 daAuts
